 Dungeon Crawl Stone Soup version 0.22-a0-542-gce4f928 (webtiles) character file.

239 inc the Sneak (level 6, -3/36 HPs)
             Began as an Octopode Enchanter on June 24, 2018.
             Slain by a killer bee (8 damage)
             ... on level 4 of the Dungeon.
             The game lasted 00:06:41 (3464 turns).

inc the Sneak (Octopode Enchanter)                  Turns: 3464, Time: 00:06:41

Health: -3/36      AC:  1    Str:  7    XL:     6   Next: 7%
Magic:  10/10      EV: 19    Int: 19    God:
Gold:   105        SH:  0    Dex: 18    Spells: 8/11 levels left

rFire    . . .     SeeInvis .   b - +1 whip (elec)
rCold    . . .     Gourm    .   (no shield)
rNeg     . . .     Faith    .   (helmet restricted)
rPois    .         Spirit   .   h - amulet of magic regeneration
rElec    .         Reflect  .   (no ring)
rCorr    .         Harm     .   (no ring)
MR       .....                  (no ring)
Stlth    +++++.....             (no ring)
HPRegen  0.12/turn              (no ring)
MPRegen  0.37/turn              (no ring)
                                (no ring)
                                (no ring)

@: agile, lethally poisoned (-3 -> -17)
A: almost no armour, stealthy swim, amphibious, 8 rings, constrict 8, camouflage
1, gelatinous body 1
a: no special abilities


You were on level 4 of the Dungeon.
You were hungry.

You visited 1 branch of the dungeon, and saw 4 of its levels.

You collected 105 gold pieces.

Inventory:

Hand Weapons
 a - a +1 dagger
 b - a +1 whip of electrocution (weapon)
Jewellery
 h - an amulet of magic regeneration (around mantle)
Scrolls
 d - 3 scrolls of identify {unknown}
 f - a scroll of noise {unknown}
 g - a scroll of blinking {unknown}
 i - a scroll of enchant weapon {unknown}
 j - a scroll of magic mapping {unknown}
 l - a scroll of teleportation {unknown}
Comestibles
 c - 7 rations


   Skills:
 - Level 1.9 Short Blades
 - Level 2.0 Dodging
 - Level 5.2 Stealth
 - Level 3.1 Spellcasting
 - Level 3.0 Hexes
 + Level 4.0 Ice Magic


You had 8 spell levels left.
You knew the following spells:

 Your Spells              Type           Power        Failure   Level  Hunger
a - Corona                Hex            ##.....      4%          1    None
b - Ensorcelled Hibernat  Hex/Ice        ###...       5%          2    ##.....

Your spell library contained the following spells:

 Spells                   Type           Power        Failure   Level  Hunger
 Confuse                  Hex            ##......     13%         3    ###....
 Tukima's Dance           Hex            ##......     13%         3    ###....
 Dazzling Spray           Conj/Hex       #.....       24%         3    ###....


Dungeon Overview and Level Annotations

Branches:
Dungeon (4/15)
 Temple: D:4-7

Altars:
Hepliaklqana
Ru

Annotations:
D:3 1 runed door, Grinder


Innate Abilities, Weirdness & Mutations

You cannot wear most types of armour.
You are very stealthy in the water. (Stealth+)
You are amphibious.
You can wear up to eight rings at the same time.
You can use your tentacles to constrict eight enemies at once.
Your skin changes colour to match your surroundings (Stealth+).
Your rubbery body absorbs attacks. (AC +1, EV +1)


Message History

The killer bee misses you.
It was a potion of heal wounds.
You feel much better. The killer bee stings you. The killer bee stings you!
You are poisoned.
The killer bee poisons you!
It was a potion of agility.
You feel agile all of a sudden.
You feel sick. The killer bee stings you. x2
* * * LOW HITPOINT WARNING * * *
You miss the killer bee. Your grab misses the killer bee.
Your squeeze misses the killer bee.
You feel sick. The killer bee stings you.
* * * LOW HITPOINT WARNING * * *
You are more poisoned.
The killer bee poisons you! The killer bee closely misses you.
The killer bee barely misses you.
Unknown command.
You miss the killer bee. Your grab misses the killer bee.
* * * LOW HITPOINT WARNING * * *
You feel sick. The killer bee misses you. The killer bee stings you!
You die...

##### #...######## # .
#.....#....#.# .
#...#.#.##.#.######.
#...#..............
###((.#.#.##.#......#
.....##.#.##.######.#
#######.#.##....@yy.#
......#.#.########..#
.####.#.#.# ###..##########
......#.#.######....#.....(...
.######>..............#######.
........#.#####.....#.########
#######.#.# #...............
#.# # #.....##.####### #..
#.....##.#


You could see 2 killer bees.

Vanquished Creatures
  A killer bee (D:4)
  An orc wizard (D:3)
  2 worker ants
  2 adders
  3 worms
  2 dart slugs
  3 leopard geckos
  17 orcs
  5 bats
  2 giant cockroaches
  9 goblins
  3 hobgoblins (D:3)
  A quokka (D:2)
  A ball python (D:1)
  3 frilled lizards
  11 kobolds
  8 rats
74 creatures vanquished.

Notes
Turn   | Place    | Note
-------+----------+-------------------------------------------
     0 | D:1      | inc the Octopode Enchanter began the quest for the Orb.
     0 | D:1      | Reached XP level 1. HP: 11/11 MP: 3/3
   249 | D:1      | Reached XP level 2. HP: 11/17 MP: 3/5
   258 | D:1      | Learned a level 2 spell: Ensorcelled Hibernation
   857 | D:1      | Reached XP level 3. HP: 20/21 MP: 7/7
  1246 | D:2      | Reached skill level 1 in Ice Magic
  1544 | D:2      | Reached XP level 4. HP: 27/27 MP: 5/8
  1923 | D:2      | Reached skill level 5 in Stealth
  2486 | D:3      | Found a runed door.
  2564 | D:3      | Reached XP level 5. HP: 31/31 MP: 9/9
  2770 | D:3      | Found a hazy altar of Hepliaklqana.
  2814 | D:3      | Found a sacrificial altar of Ru.
  2975 | D:3      | Noticed Grinder
  3447 | D:4      | Reached XP level 6. HP: 21/36 MP: 8/10
  3464 | D:4      | Slain by a killer bee

Vault maps used:
D:1:      ebering_trefoil_twist
D:2:      serial_curves, eino_curves_04, eino_curves_02
D:3:      nicolae_ru_the_path_less_chosen, lemuel_coloured_pillars_altar,
          minmay_unequal, uniq_grinder, uniq_crazy_yiuf_cottage
D:4:      first_ration, xom_teletrap_fun, uniq_pikel

Skill      XL: |  1  2  3  4  5 |
---------------+----------------+-----
Spellcasting   | 3 |  3.1
Ice Magic      | 1 4 |  4.0
Stealth        | 5 |  5.2
Short Blades   | |  1.9
Dodging        | |  2.0
Hexes          | |  3.0

Action                   |  1- 3 |  4- 6 || total
-------------------------+-------+-------++-------
Melee: Dagger            |    74 |    63 ||   137
       Constrict         |    16 |    13 ||    29
       Tentacles         |     5 |    12 ||    17
       Whip              |       |    10 ||    10
 Cast: Ensorcelled Hiber |    14 |    37 ||    51
  Use: Potion            |       |     3 ||     3
 Stab: Sleeping          |    15 |    22 ||    37
  Eat: Chunk             |     3 |     7 ||    10
Armor: Skin              |    14 |     1 ||    15
Dodge: Dodged            |    51 |    49 ||   100

Table legend:
 A = Spawn XP
 B = Non-spawn XP
 C = Spawn XP percentage of total XP
 D = Spawn monster count
 E = Non-spawn monster count
 F = Spawn count percentage of total count
 G = Total turns spent on level
                    A         B        C        D         E        F      G
               +---------+---------+-------+---------+---------+-------+---------
         Total |       0 |     342 |   0.0 |       0 |      74 |   0.0 |  3464
               +---------+---------+-------+---------+---------+-------+---------
           D:1 |       0 |      39 |   0.0 |       0 |      23 |   0.0 |  1317
           D:2 |       0 |      95 |   0.0 |       0 |      24 |   0.0 |   839
           D:3 |       0 |     100 |   0.0 |       0 |      24 |   0.0 |   881
           D:4 |       0 |     108 |   0.0 |       0 |       3 |   0.0 |   427
               +---------+---------+-------+---------+---------+-------+---------
